Map: Mech-Depot LE

Players

BlackBoozom

  • Race: Zerg Zerg
  • League: Diamond
  • Spawn Location: 7:00

Panda - Winner!

  • Race: Zerg Zerg
  • League: Diamond
  • Spawn Location: 1:00

VOD

Have the link to the VOD?

Description

Time

  • Played on: Sept. 9, 2017, 5:49 p.m.
  • Length: 4:07
Show
View Real Time Build Order
Export as new Build Order

BlackBoozom Zerg 

Build Orders: Hatch First 

Get SALT Encoding   

  12  0:01  Drone  
  13  0:12  Overlord  
  13  0:17  Drone  
  14  0:31  Drone x2  
  14  0:35  Drone  
  17  0:55  Hatchery  
  16  0:57  Drone  
  16  0:59  Drone  
  18  1:12  Extractor  
  18  1:16  Spawning Pool  
  16  1:19  Drone  
  16  1:22  Drone  
  18  1:29  Drone  
  19  1:39  Overlord  
  19  2:02  Zergling x2  
  19  2:03  Zergling x2  
  19  2:04  Queen  
  19  2:07  Queen  
  25  2:08  Drone  
  25  2:12  Spine Crawler  
  25  2:14  Zergling x2  
  26  2:19  Zergling x2  
  27  2:26  Spine Crawler  
  26  2:31  Zergling x4  
  28  2:43  Zergling x4  
  24  2:52  Zergling x4  
  24  2:58  Zergling x2  
  26  3:03  Zergling x2  
  26  3:08  Zergling x2  
  26  3:12  Zergling x2  
  25  3:16  Zergling x2  
  25  3:17  Zergling x4  
  25  3:24  Zergling x2  
Show
View Real Time Build Order
Export as new Build Order

Panda Zerg - Winner!

Build Orders: Pool Only 

Get SALT Encoding   

  12  0:00  Drone  
  13  0:18  Extractor  
  12  0:24  Spawning Pool  
  11  0:28  Drone  
  11  0:33  Drone  
  13  0:38  Drone  
  14  0:45  Overlord  
  14  1:11  Zergling x4  
  14  1:12  Zergling x2  
  14  1:14  Queen  
  19  1:24  Metabolic Boost  
  19  1:28  Zergling x2  
  20  1:33  Zergling x2  
  21  1:46  Baneling Nest  
  21  1:47  Zergling x2  
  21  1:55  Overlord  
  21  2:06  Zergling x2  
  22  2:17  Zergling x2  
  23  2:23  Zergling x6  
  26  2:32  Zergling x2  
  27  2:41  Zergling x2  
  24  2:55  Zergling x8  
  26  3:09  Zergling x2  
  25  3:19  Zergling x2  
  25  3:33  Baneling x3  
  25  3:34  Baneling  
Tags
 
Matchup
ZvZ
Race
Zerg
Replay Pack
replays1
Spawn Locations
Cross Positions
Add a new tag
Caveats
  • Supply blocks, unpowered buildings, or Contaminate may cause inaccurate times.
  • Supply counts are checked every 10 seconds.